 Seeded DCSS version 0.30-a0-743-gbfdf073431 (webtiles) character file.

Game seed: 5430720872467839093 (custom seed)

2370 hbarley the Cleaver (level 9, -2/79 HPs)
             Began as a Hill Orc Fighter on Feb 5, 2023.
             Was a Follower of Uskayaw.
             Slain by a gnoll sergeant
             ... wielding a +0 spear of distortion
              (18 damage)
             ... on level 6 of the Dungeon.
             The game lasted 00:09:01 (4737 turns).

hbarley the Cleaver (Hill Orc Fighter)              Turns: 4737, Time: 00:09:01

Health: -2/79      AC:  7    Str: 31    XL:     9   Next: 45%
Magic:  9/9        EV: 10    Int:  5    God:    Uskayaw [*.....]
Gold:   154        SH: 17    Dex: 17    Spells: 8/8 levels left

rFire   + + .      SeeInvis .    t - +7 broad axe of the Impish God {heavy, Str+6 Stlth-}
rCold   . . .      Faith    .    s - +6 kite shield of Eternal Vigilance {Str+4}
rNeg    + + .      Spirit   .    b - +0 scale mail
rPois   +          Reflect  .    (no helmet)
rElec   +          Harm     .    (no cloak)
rCorr   .          Rampage  .    (no gloves)
Will    .....                    (no boots) Stlth
                                 (no amulet)
HPRegen 0.33/turn                v - ring of Yruceode {rPois rN+ Int-3 Dex+5}
MPRegen 0.11/turn                u - ring of Makhleb's Favour {rElec rF++ rN+ Slay+2}

@: studying Fighting
A: no striking features
a: Renounce Religion, Stomp


You were on level 6 of the Dungeon.
You worshipped Uskayaw.
Uskayaw was noncommittal.
You visited 2 branches of the dungeon, and saw 7 of its levels.

You collected 210 gold pieces.
You spent 56 gold pieces at shops.

Inventory:

Hand Weapons
 a - a +0 war axe
 t - the +7 broad axe of the Impish God (weapon) {heavy, Str+6 Stlth-}
   (You acquired it on level 2 of the Dungeon)

   Str:       It affects your strength (+6).
   Stlth:     It makes you less stealthy.
Missiles
 y - a throwing net (quivered)
 B - 5 poisoned darts
Armour
 b - a +0 scale mail (worn)
 c - a +0 buckler
 s - the +6 kite shield of Eternal Vigilance (worn) {Str+4}
   (You acquired it on level 2 of the Dungeon)

   Str:       It affects your strength (+4).
Jewellery
 m - a +6 ring of strength
 q - a ring of protection from cold
 u - the ring of Makhleb's Favour (right hand) {rElec rF++ rN+ Slay+2}
   (You acquired it on level 2 of the Dungeon)

   [ring of positive energy]

   Slay:      It affects your accuracy & damage with ranged weapons and melee
   (+2).
   rF:        It greatly protects you from fire.
   rElec:     It insulates you from electricity.
   rN:        It protects you from negative energy.
 v - the ring of Yruceode (left hand) {rPois rN+ Int-3 Dex+5}
   (You acquired it on level 2 of the Dungeon)

   [ring of positive energy]

   Int:       It affects your intelligence (-3).
   Dex:       It affects your dexterity (+5).
   rPois:     It protects you from poison.
   rN:        It protects you from negative energy.
 I - a ring of positive energy
Wands
 D - a wand of mindburst (19)
 F - a wand of roots (5)
 N - a wand of quicksilver (2)
Scrolls
 f - 3 scrolls of teleportation {unknown}
 h - 3 scrolls of amnesia {unknown}
 j - 3 scrolls of noise {unknown}
 k - 2 scrolls of torment {unknown}
 l - 6 scrolls of identify
 n - a scroll of brand weapon {unknown}
 o - a scroll of fog {unknown}
 p - 2 scrolls of immolation {unknown}
 r - 3 scrolls of enchant armour {unknown}
 w - a scroll of poison {unknown}
 A - a scroll of silence {unknown}
 G - a scroll of blinking {unknown}
 H - a scroll of butterflies {unknown}
 J - 2 scrolls of magic mapping {unknown}
 O - a scroll of enchant weapon {unknown}
Potions
 d - a potion of might
 e - a potion of mutation {unknown}
 g - 3 potions of attraction {unknown}
 i - 6 potions of curing {unknown}
 x - a potion of degeneration {unknown}
 z - 2 potions of lignification {unknown}
 C - 3 potions of berserk rage {unknown}
 E - a potion of ambrosia {unknown}
 K - a potion of brilliance {unknown}
 L - a potion of resistance {unknown}
 M - a potion of magic {unknown}


   Skills:
 + Level 7.4 Fighting
 + Level 10.9 Axes
 + Level 6.4 Armour
 + Level 2.1 Dodging
 + Level 1.4 Stealth
 + Level 6.8 Shields
 + Level 0.8 Evocations


You had 8 spell levels left.
You didn't know any spells.
Your spell library contained the following spells:

 Spells                   Type           Power      Damage    Failure   Level
 Static Discharge         Conj/Air       0%         2-2/arc   99%         2
 Inner Flame              Hex/Fire       0%         N/A       100%        3
 Vhi's Electric Charge    Tloc/Air       0%         N/A       100%        3
 Flame Wave               Conj/Fire      0%         2d4       100%        4
 Sticky Flame             Conj/Fire      0%         2d3       100%        4
 Arcjolt                  Conj/Air       0%         1d10      100%        5
 Lightning Bolt           Conj/Air       0%         1d11      100%        5


Dungeon Overview and Level Annotations

Branches:
Dungeon (6/15)             Temple (1/1) D:4

Altars:
Cheibriados
Dithmenos
Hepliaklqana
Okawaru
Uskayaw
Vehumet
Xom
Zin
The Shining One

Shops:
D:2 ?

Annotations:
D:4 1 runed translucent door, AverageBear's ghost, amateur DsFi


Message History

You barely miss the two-headed ogre.
The two-headed ogre is almost dead.
You block the two-headed ogre's attack.
The two-headed ogre hits you with a +0 giant spiked club!
You block the two-headed ogre's attack.
The two-headed ogre hits you with a +0 giant spiked club!
* * * LOW HITPOINT WARNING * * *
You slash the two-headed ogre!
You kill the two-headed ogre!
Your Fighting skill increases to level 7!
Your Armour skill increases to level 6!
A shadow imp comes into view.
Found an Inescapable Atlas and an encrusted ivory wand.
The shadow imp shouts, "Embrace thy failure, thou pox-marked clay-brained varlet!"
Things that are here:
a +0 giant spiked club; a +0 giant spiked club You barely miss the shadow imp.
You block the shadow imp's attack.
The shadow imp hits you but does no damage.
You slash the shadow imp!
You kill the shadow imp!
A gnoll sergeant, 2 orcs and an orc wizard come into view.
The gnoll sergeant is wielding a +0 spear of distortion and wearing a +0 buckler of resistance.
The gnoll sergeant shouts!
The orc shouts! x2; The orc wizard shouts!
You hear a shout!
You hear an angry hiss.
You hear a roar!
An orc comes into view. It is wielding a +0 short sword.
You block the gnoll sergeant's attack.
The orc wizard moves out of view.
The orc shouts!
An orc wizard comes into view. It is wielding a +0 dagger.
You block the gnoll sergeant's attack.
An adder comes into view.
You see here an Inescapable Atlas.
You slash the gnoll sergeant!
The gnoll sergeant is heavily wounded.
A hound comes into view.
The gnoll sergeant hits you with a +0 spear of distortion!
Space warps horribly around you!
The gnoll sergeant hits you with a +0 spear of distortion!
* * * LOW HITPOINT WARNING * * *
Space warps horribly around you!!
You die... .# ### ..# ...#.. ..# ..# ..... ..#########.# .... .#..........# ##ho. .#..........# #o.S .#..........# #oo

##..........# #g#
...#'######.####@######
...#......#.)...........
...#......+....#........
...............#....##..
...########.#..#....#
...# #.#..#...... ...#
#.#..#....##. ...#
#.#..#....# ...#
#.#/.#....#


You could see a gnoll sergeant, a hound, an orc wizard, an adder and 3 orcs.

Vanquished Creatures
  2 two-headed ogres
  A water moccasin (D:6)
  Duvessa (D:5)
  An ice beast (D:5)
  Blork the orc (D:4)
  2 scorpions
  A necrophage (D:2)
  Dowan (D:5)
  2 orc priests
  A hound (D:5)
  A jelly (D:6)
  3 iguanas
  5 orc wizards
  12 gnolls
  6 adders
  A shadow imp (D:6)
  2 white imps
  An ufetubus (D:5)
  3 worms (D:4)
  A dart slug (D:4)
  8 orcs
  3 bats
  8 endoplasms
  3 giant cockroaches
  7 hobgoblins
  7 jackals
  6 kobolds
  5 quokkas
  8 ball pythons
  2 frilled lizards
  4 goblins
  3 rats
112 creatures vanquished.

Notes
Turn   | Place    | Note
-------+----------+-------------------------------------------
     0 | D:1      | hbarley the Hill Orc Fighter began the quest for the Orb.
     0 | D:1      | Reached XP level 1. HP: 19/19 MP: 1/1
    65 | D:1      | Reached XP level 2. HP: 18/27 MP: 2/2
   486 | D:1      | Reached skill level 3 in Axes
   875 | D:1      | Reached XP level 3. HP: 33/33 MP: 3/3
  1133 | D:2      | Found Doddoiw's Magic Scroll Shoppe.
  1141 | D:2      | Bought a scroll of identify for 28 gold pieces
  1230 | D:2      | Noticed a necrophage
  1248 | D:2      | Killed a necrophage
  1249 | D:2      | Reached skill level 4 in Axes
  1249 | D:2      | Reached XP level 4. HP: 20/40 MP: 4/4
  1468 | D:2      | Reached XP level 5. HP: 42/46 MP: 5/5
  1789 | D:2      | Bought a scroll of identify for 28 gold pieces
  1789 | D:2      | Identified 4 scrolls of acquirement
  1789 | D:2      | Acquired the +7 broad axe of the Impish God {heavy, Str+6
                  | Stlth-}
  1792 | D:2      | Acquired the ring of Makhleb's Favour {rElec rF++ rN+
                  | Slay+2}
  1795 | D:2      | Acquired the ring of Yruceode {rPois rN+ Int-3 Dex+5}
  1799 | D:2      | Acquired the +6 kite shield of Eternal Vigilance {Str+4}
  1872 | D:3      | Found a faded altar of an unknown god.
  2209 | D:3      | Found an iron altar of Okawaru.
  2309 | D:3      | Identified the +3 short sword of the Manifold Quests
                  | {flame, rElec Int+5}
  2318 | D:3      | Reached skill level 5 in Axes
  2318 | D:3      | Reached XP level 6. HP: 17/53 MP: 6/6
  2576 | D:3      | Identified the +2 robe of Binutifa {rPois Dex+5}
  2918 | D:4      | Reached skill level 1 in Dodging
  2919 | D:4      | Reached skill level 6 in Axes
  2979 | D:4      | Found a runed translucent door.
  2980 | D:4      | Found a staircase to the Ecumenical Temple.
  2993 | Temple   | Entered the Ecumenical Temple
  3068 | Temple   | Became a worshipper of Uskayaw the Reveller
  3119 | D:4      | Noticed AverageBear's ghost (amateur DsFi)
  3194 | D:4      | Reached * piety under Uskayaw
  3196 | D:4      | Reached XP level 7. HP: 60/60 MP: 7/7
  3218 | D:4      | Reached ** piety under Uskayaw
  3349 | D:4      | Noticed Blork the orc
  3353 | D:4      | Reached skill level 5 in Shields
  3357 | D:4      | Killed Blork the orc
  3357 | D:4      | Reached *** piety under Uskayaw
  3490 | D:4      | Reached skill level 5 in Armour
  3705 | D:5      | Entered Level 5 of the Dungeon
  3706 | D:5      | Noticed a two-headed ogre
  3712 | D:5      | Killed a two-headed ogre
  3713 | D:5      | Reached skill level 8 in Axes
  3713 | D:5      | Reached XP level 8. HP: 62/70 MP: 8/8
  3714 | D:5      | Reached **** piety under Uskayaw
  3718 | D:5      | Reached skill level 9 in Axes
  3719 | D:5      | Reached ***** piety under Uskayaw
  3722 | D:5      | Reached skill level 1 in Stealth
  4015 | D:5      | Noticed Dowan
  4015 | D:5      | Noticed Duvessa
  4018 | D:5      | Killed Dowan
  4023 | D:5      | Killed Duvessa
  4440 | D:6      | Reached XP level 9. HP: 69/78 MP: 9/9
  4441 | D:6      | Reached skill level 10 in Axes
  4628 | D:6      | Noticed a two-headed ogre
  4632 | D:6      | Killed a two-headed ogre
  4737 | D:6      | Slain by a gnoll sergeant

Illustrated notes

Levels and vault maps discovered:
D:1:      dpeg_arrival_boxes_within_box, layout_basic
D:2:      layout_loops_ring, serial_shops, shop, nicolae_kite_square_tiling_tiny
D:3:      layout_rooms, okawaru_metal_pillars_3, ebering_ecumenical_altar_rust
D:4:      layout_basic, minmay_temple_entry_overgrown, ebering_ghost_sewer_d,
          minmay_manual_monstrance, uniq_blork_the_orc
D:5:      layout_basic, uniq_duvessa
D:6:      layout_gridville, mainiacjoe_overflow_tiny_flanked,
          grunt_temple_overflow_open, cheibrodos_ashenzari_chains, minivault_5,
          minmay_pentangle
Temple:   oiseaux_autumnal_temple

Skill      XL: |  1  2  3  4  5  6  7  8  9 |
---------------+----------------------------+-----
Axes           | 3 4 5 6 8 9 10 | 10.9
Fighting       | 4 6 7 |  7.4
Armour         | 4 5 6 |  6.4
Shields        | 4 5 6 |  6.8
Dodging        | 1 2 |  2.1
Stealth        | 1 |  1.4
Evocations     | |  0.8

Action                     |  1- 3 |  4- 6 |  7- 9 || total
---------------------------+-------+-------+-------++-------
  Melee: War axe           |    62 |    26 |       ||    88
         Broad axe         |       |    66 |    59 ||   125
  Evoke: Wand              |       |       |     3 ||     3
    Use: Scroll            |       |     4 |       ||     4
   Stab: Paralysed         |       |       |     2 ||     2
 Armour: Scale mail        |    29 |    39 |    11 ||    79
  Dodge: Dodged            |    25 |    57 |    14 ||    96
  Block: Buckler           |    20 |     5 |       ||    25
         Kite shield       |       |   101 |    70 ||   171

Table legend: (Time is in decaauts)
 A = Elapsed time spent in this place.
 B = Non-inter-level travel time spent in this place.
 C = Inter-level travel time spent in this place.
 D = Time resting spent in this place.
 E = Time spent auto-exploring this place.
 F = Levels seen in this place.
 G = Mean time per level.
                   A        B        C        D        E       F      G
               +--------+--------+--------+--------+--------+-----+--------+
         Total |   4895 |   4498 |    397 |      0 |   3705 |   7 |  699.3 |
       Dungeon |   4788 |   4427 |    361 |      0 |   3643 |   6 |  798.0 |
        Temple |    106 |     70 |     36 |      0 |     62 |   1 |  106.0 |
               +--------+--------+--------+--------+--------+-----+--------+

Top non-repeatable levels by time:
     D:1: 1087 daAuts
     D:4: 1013 daAuts
     D:3: 843 daAuts
     D:2: 780 daAuts
     D:5: 680 daAuts
     D:6: 384 daAuts
  Temple: 106 daAuts
